 Dungeon Crawl Stone Soup version bcrawl-1.17.1 (webtiles) character file.

Game seed: 442670798890158204

40 skelma the Skirmisher (level 3, -1/46 HPs)
             Began as a Djinni Berserker on Oct 13, 2019.
             Was a Follower of Trog.
             Slain by a bullfrog zombie (10 damage)
             ... on level 3 of the Dungeon.
             The game lasted 00:02:07 (1745 turns).

skelma the Skirmisher (Djinni Berserker)            Turns: 1745, Time: 00:02:08

Health: -1/46      AC:  3    Str: 25    XL:     3   Next: 30%
Magic:  3/3        EV: 12    Int:  9    God:    Trog [*.....]
Gold:   58         SH:  0    Dex: 10    Spells: 2/2 levels left

rFire    . . .     SeeInvis .   a - +0 spear
rCold    . . .     Gourm    .   (no shield)
rNeg     . . .     Faith    .   e - +0 leather armour
rPois    .         Spirit   .   (no helmet)
rElec    .         Reflect  .   (no cloak)
rCorr    .         Harm     .   (no gloves)
MR       .....     Rnd*Rage +   (boots unavailable)
Stlth    ..........             (no amulet)
HPRegen  0.15/turn              (no ring)
MPRegen  0.08/turn              (no ring)

@: berserking, flying, very quick
A: never pass out, berserk 2, blurry vision 2, wild magic 1, MP-powered wands,
floating
a: Berserk, Renounce Religion


You were on level 3 of the Dungeon.
You worshipped Trog.
Trog was aware of your devotion.
You were very hungry.

You visited 1 branch of the dungeon, and saw 3 of its levels.

You collected 58 gold pieces.

Inventory:

Hand Weapons
 a - a +0 spear (weapon)
Armour
 b - a +0 animal skin
 e - a +0 leather armour (worn)
Scrolls
 g - a scroll of identify {unknown}
 h - a scroll of fear {unknown}
 j - a scroll of remove curse {unknown}
 l - a scroll of immolation {unknown}
 m - a scroll of enchant weapon {unknown}
Potions
 d - a potion of might {unknown}
 f - 3 potions of curing {unknown}
 i - a potion of resistance {unknown}
 k - a potion of heal wounds {unknown}
Comestibles
 c - 3 rations {!d}
 n - a chunk of flesh


   Skills:
 + Level 3.6 Fighting
 * Level 3.6 Polearms
 + Level 2.2 Armour
 + Level 2.4 Dodging


You had 2 spell levels left.
You didn't know any spells.
Your spell library was empty.

Dungeon Overview and Level Annotations

Branches:
Dungeon (3/12)

Altars:
Gozag
Makhleb
Sif Muna


Innate Abilities, Weirdness & Mutations

You never pass out after going berserk.
You often lose your temper in combat.
Scrolls take you longer to read.
Your spells are a little harder to cast, but a little more powerful.
You expend magic power (3 MP) to strengthen your wands.
Your body floats in the air.


Message History

The bullfrog zombie misses you.
You completely miss the bullfrog zombie.
The bullfrog zombie is heavily damaged.
The orc barely misses you.
You hit the bullfrog zombie.
The bullfrog zombie is severely damaged.
The bullfrog zombie hits you.
* * * LOW HITPOINT WARNING * * *
The orc hits you with a +0 dagger.
* * * LOW HITPOINT WARNING * * *
You puncture the bullfrog zombie!
The bullfrog zombie is almost destroyed.
The bullfrog zombie barely misses you.
The orc wizard mumbles some strange words.
The orc wizard blinks!
The quokka twitches its whiskers.
You barely miss the bullfrog zombie.
The bullfrog zombie is almost destroyed.
The orc barely misses you. The bullfrog zombie hits you!
You die...

.. ... <.. ...#.#
... ..#.#
#..##.#.#
#...#.#.#
.......#
#.#.#ยง#####
###...#oo@Z.#
#....<(r###......
#.......# .....
#.......+ ....
#####.#.# $..
..... ## .......
..[......
..........


You could see 2 orcs, a bullfrog zombie and a quokka.

Vanquished Creatures
  An ooze (D:1)
  3 worms
  2 leopard geckos (D:2)
  A giant cockroach (D:1)
  3 goblins
  4 hobgoblins
  A quokka (D:2)
  A ball python (D:1)
  2 bats (D:2)
  2 frilled lizards (D:2)
  2 kobolds (D:2)
  4 rats
26 creatures vanquished.

Notes
Turn   | Place    | Note
-------+----------+-------------------------------------------
     0 | D:1      | skelma the Djinni Berserker began the quest for the Orb.
     0 | D:1      | Reached XP level 1. HP: 19/19 MP: 1/1
   538 | D:1      | Reached XP level 2. HP: 24/26 MP: 2/2
  1107 | D:2      | Found a burning altar of Makhleb.
  1116 | D:2      | Found an opulent altar of Gozag.
  1233 | D:2      | Reached XP level 3. HP: 31/31 MP: 3/3
  1665 | D:2      | Found a shimmering blue altar of Sif Muna.
  1745 | D:3      | Slain by a bullfrog zombie

Skill      XL: |  1  2 |
---------------+-------+-----
Armour         | 2 |  2.2
Fighting       | |  3.6
Polearms       | |  3.6
Dodging        | |  2.4

Action                   || total
-------------------------++-------
Melee: Spear             ||   108
Invok: Berserk           ||     2
  Eat: Chunk             ||     3
Armor: Leather armour    ||    13
       Animal skin       ||     1
Dodge: Dodged            ||    46
